 Dungeon Crawl Stone Soup version 0.20-a0-731-gecde0bf (webtiles) character file.

184 graki42 the Conjurer (level 5, -8/28 HPs)
             Began as a Deep Elf Conjurer on Feb 22, 2017.
             Was an Initiate of Vehumet.
             Killed by divine providence
             ... invoked by an orc priest
              (13 damage)
             ... on level 4 of the Dungeon.
             The game lasted 00:09:12 (2659 turns).

graki42 the Conjurer (Deep Elf Conjurer)            Turns: 2659, Time: 00:09:13

Health: -8/28      AC:  3    Str:  6    XL:     5   Next: 36%
Magic:  0/14       EV: 13    Int: 20    God:    Vehumet [......]
Gold:   149        SH:  0    Dex: 15    Spells: 2/14 levels left

rFire    . . .     SeeInvis .   (no weapon)
rCold    . . .     Gourm    .   a - +0 robe
rNeg     . . .     Faith    .   (no shield)
rPois    .         Spirit   .   (no helmet)
rElec    .         Reflect  .   (no cloak)
rCorr    .         Harm     .   (no gloves)
MR       .....     Rnd*Tele +   u - +0 pair of boots
Stlth    ++........             (no amulet)
Regen    0.1/turn               (no ring)
MPRegen  0.2/turn               d - ring of teleportation (curse)

@: no status effects
A: no striking features
a: Renounce Religion


You were on level 4 of the Dungeon.
You worshipped Vehumet.
Vehumet was noncommittal.
You were hungry.

You visited 1 branch of the dungeon, and saw 4 of its levels.

You collected 149 gold pieces.

Inventory:

Armour
 a - a +0 robe (worn)
 u - a +0 pair of boots (worn)
Jewellery
 d - a cursed ring of teleportation (left hand)
Scrolls
 e - 3 scrolls of immolation
 g - a scroll of fear {unknown}
 h - a scroll of noise {unknown}
 i - a scroll of fog {unknown}
 k - 2 scrolls of teleportation {unknown}
 l - 2 scrolls of amnesia {unknown}
 m - a scroll of blinking {unknown}
 s - 2 scrolls of identify {unknown}
Potions
 f - 2 potions of flight {unknown}
 j - a potion of might {unknown}
 n - a potion of ambrosia {unknown}
 p - 2 potions of curing {unknown}
 r - a potion of heal wounds {unknown}
 t - 2 potions of invisibility {unknown}
Books
 b - a book of Conjurations

   Spells                             Type                      Level
   a - Magic Dart                     Conjuration                  1
   b - Searing Ray                    Conjuration                  2
   c - Dazzling Spray                 Conjuration/Hexes            3
   d - Fulminant Prism                Conjuration/Hexes            4
   e - Force Lance                    Conjuration/Translocation    4
   f - Iskenderun's Mystic Blast      Conjuration                  4
Comestibles
 c - 2 bread rations
 o - 2 royal jellies
 q - a meat ration


   Skills:
 + Level 0.1 Fighting
 + Level 2.5 Dodging
 + Level 2.9 Stealth
 + Level 5.3 Spellcasting
 * Level 6.0 Conjurations


You had 2 spell levels left.
You knew the following spells:

 Your Spells              Type           Power        Failure   Level  Hunger
a - Magic Dart            Conj           ####         1%          1    None
b - Dazzling Spray        Conj/Hex       ###...       12%         3    ##.....
c - Iskenderun's Mystic   Conj           ####....     12%         4    ####...
d - Fulminant Prism       Conj/Hex       ###.......   38%         4    ####...


Dungeon Overview and Level Annotations

Branches:
Dungeon (4/15)             Temple (0/1) D:4

Altars:
Ashenzari
Dithmenos
Vehumet


Message History

Press: ? - help, Shift-Dir - straight line, f/p - orc priest
Aim: an orc priest, wearing a ring mail (heavily wounded)
The magic dart hits the orc.
The orc is lightly wounded.
The orc priest calls down the wrath of Beogh upon you.
Beogh smites you!
Casting: Magic Dart
Confirm with . or Enter, or press ? or * to list all spells.
Aiming: Magic Dart
Press: ? - help, Shift-Dir - straight line, f/p - orc priest
Aim: an orc priest, wearing a ring mail (heavily wounded)
The magic dart hits the orc.
You kill the orc!
Vehumet accepts your kill.
The orc priest mumbles some strange prayers to Beogh against you.
Beogh smites you!
* * * LOW HITPOINT WARNING * * *
The orc priest invokes the aid of Beogh against you.
Beogh smites you!
You die...

######## #......#
#.####.######## ####.#
#.#......# #....#
#.#.####.# ##.######.#.#
#.# #........#.# #.#
####
.#######@.#####...####.#
....
....o)............>....#
###
.#######..#####.########
#..# #.# #..# #.# #
#..#####.# # #........#
# #.(####### #######
#..#


You could see an orc priest.

Vanquished Creatures
  A jelly (D:4)
  A hound (D:4)
  2 adders (D:2)
  An ooze (D:2)
  9 worms
  3 dart slugs
  A leopard gecko (D:2)
  6 orcs
  11 bats
  A giant cockroach (D:1)
  10 goblins
  7 hobgoblins
  A ball python (D:3)
  4 frilled lizards
  A jackal skeleton (D:4)
  3 kobolds
  12 rats
74 creatures vanquished.

Notes
Turn   | Place    | Note
-------+----------+-------------------------------------------
     0 | D:1      | graki42 the Deep Elf Conjurer began the quest for the Orb.
     0 | D:1      | Reached XP level 1. HP: 10/10 MP: 6/6
   213 | D:1      | Reached XP level 2. HP: 15/15 MP: 6/8
   410 | D:1      | Reached skill level 5 in Conjurations
   785 | D:2      | Reached XP level 3. HP: 19/19 MP: 6/10
   793 | D:2      | Learned a level 3 spell: Dazzling Spray
   803 | D:2      | Found a shattered altar of Ashenzari.
   814 | D:2      | Found a radiant altar of Vehumet.
  1325 | D:2      | Reached XP level 4. HP: 24/24 MP: 4/12
  1341 | D:2      | Became a worshipper of Vehumet
  1941 | D:3      | Found a shadowy altar of Dithmenos.
  2033 | D:3      | Learned a level 4 spell: Iskenderun's Mystic Blast
  2038 | D:3      | Learned a level 4 spell: Fulminant Prism
  2526 | D:4      | Found a staircase to the Ecumenical Temple.
  2530 | D:4      | Reached skill level 5 in Spellcasting
  2530 | D:4      | Reached XP level 5. HP: 22/28 MP: 7/14
  2587 | D:4      | Reached skill level 6 in Conjurations
  2659 | D:4      | Killed from afar by an orc priest

Vault maps used:
D:1:      elethiomel_arrival_maze
D:2:      kennysheep_six_static_rooms, grunt_temple_overflow_open
D:3:      nicolae_overflow_crystal_walls, serial_bayou_ford_a, minmay_cupped
D:4:      minmay_temple_entry_crystal_x, serial_shops, nicolae_shop_crystal,
          first_bread, minmay_misc_feat_alley

Skill      XL: |  1  2  3  4  5 |
---------------+----------------+-----
Conjurations   | 5 6 |  6.0
Spellcasting   | 4 5 |  5.3
Fighting       | |  0.1
Dodging        | |  2.5
Stealth        | |  2.9

Action                   |  1- 3 |  4- 6 || total
-------------------------+-------+-------++-------
 Cast: Magic Dart        |    83 |    79 ||   162
       Dazzling Spray    |     1 |     3 ||     4
       Iskenderun's Myst |       |     1 ||     1
  Use: Scroll            |       |     1 ||     1
  Eat: Chunk             |     1 |     4 ||     5
Armor: Robe              |     2 |     2 ||     4
Dodge: Dodged            |     4 |     7 ||    11
